 Dungeon Crawl Stone Soup version 0.26-a0-651-gb41185065b (webtiles) character file.

Game seed: 12681325278125669206

3327436 Flugslaktarn the Severer (level 20, 165/200 HPs)
             Began as a Deep Dwarf Fighter on Oct 8, 2020.
             Was the Champion of Makhleb.
             Escaped with the Orb
             ... and 3 runes!
             The game lasted 00:19:24 (20479 turns).

Flugslaktarn the Severer (Deep Dwarf Fighter)      Turns: 20479, Time: 00:19:24

Health: 165/200    AC: 45    Str: 31    XL:     20   Next: 24%
Magic:  33/33 (24) EV: 16    Int: 10    God:    Makhleb [******]
Gold:   458        SH: 15    Dex: 14    Spells: 19/19 levels left

rFire    + + .     SeeInvis +   k - +9 broad axe (protect)
rCold    + + +     Faith    .   N - +0 kite shield {rN+}
rNeg     + + +     Spirit   .   y - +7 plate armour "Leamium" {rC+ MP+9 Str+3}
rPois    +         Reflect  .   a - +4 helmet of the Vaults {-Cast rF+ rC+ SInv}
rElec    +         Harm     .   B - +2 cloak
rCorr    .         Rampage  .   G - +2 pair of gloves
MR       +++..     NoCast   +   M - +2 pair of boots
Stlth    ..........             K - amulet "Zetagaer" {Acrobat rPois rC- rN+ Slay+2}
HPRegen  0.00/turn              U - ring of Xoafosy {rElec rF+ rC++ Dex+6 Stlth-}
MPRegen  0.23/turn              p - +4 ring of protection

@: non-regenerating
A: damage resistance, heal wounds, blurry vision 1, clumsy 2, negative energy
resistance 1, sense surroundings 3, no regeneration
0: Orb of Zot
}: 3/15 runes: barnacled, abyssal, gossamer
a: Heal Wounds, Minor Destruction, Lesser Servant of Makhleb, Major Destruction,
Greater Servant of Makhleb, Renounce Religion


You escaped.
You worshipped Makhleb.
Makhleb was exalted by your worship.
You visited 7 branches of the dungeon, and saw 38 of its levels.
You visited the Abyss 1 time.
You also visited: Bailey.

You collected 3434 gold pieces.
You spent 2976 gold pieces at shops.

Inventory:

Hand Weapons
 k - a +9 broad axe of protection (weapon)
   (You took it off an orc warrior on level 9 of the Dungeon)
Missiles
 L - 5 throwing nets (quivered)
Armour
 a - the +4 helmet of the Vaults (worn) {-Cast rF+ rC+ SInv}
   (You found it on level 9 of the Dungeon)

   It protects you from fire.
   It protects you from cold.
   It lets you see invisible.
   It prevents spellcasting.
 y - the +7 plate armour "Leamium" (worn) {rC+ MP+9 Str+3}
   (You bought it in a shop on level 15 of the Dungeon)

   It affects your strength (+3).
   It protects you from cold.
   It affects your magic capacity (+9).
 B - a +2 cloak (worn)
   (You took it off Crazy Yiuf on level 4 of the Dungeon)
 G - a +2 pair of gloves (worn)
   (You found it on level 4 of the Dungeon)
 M - a +2 pair of boots (worn)
   (You found it on level 15 of the Dungeon)
 N - a +0 kite shield of positive energy (worn)
   (You found it on level 1 of the Spider Nest)
Jewellery
 b - a cursed -4 ring of dexterity {unknown}
   (You found it on level 2 of the Shoals)
 o - an uncursed ring of poison resistance
   (You found it on level 3 of the Lair of Beasts)
 p - a +4 ring of protection (right hand)
   (You bought it in a shop on level 10 of the Dungeon)
 v - a +4 ring of evasion
   (You bought it in a shop on level 10 of the Dungeon)
 K - the amulet "Zetagaer" (around neck) {Acrobat rPois rC- rN+ Slay+2}
   (You took it off a deep elf mage on level 11 of the Dungeon)

   [amulet of the acrobat]

   It helps you evade while moving and waiting.
   It affects your accuracy and damage with ranged weapons and melee attacks
   (+2).
   It makes you vulnerable to cold.
   It protects you from poison.
   It protects you from negative energy.
 Q - the ring "Juty" {+Blink rF+ MR++ Str+4}
   (You found it on level 15 of the Dungeon)

   [ring of protection from fire]

   It affects your strength (+4).
   It protects you from fire.
   It affects your resistance to hostile enchantments.
   It lets you blink.
 U - the ring of Xoafosy (left hand) {rElec rF+ rC++ Dex+6 Stlth-}
   (You found it on level 15 of the Dungeon)

   [ring of dexterity]

   It affects your dexterity (+6).
   It protects you from fire.
   It greatly protects you from cold.
   It insulates you from electricity.
   It makes you less stealthy.
Wands
 g - a wand of digging (9)
   (You found it on level 3 of the Lair of Beasts)
 A - a wand of acid (16)
   (You found it on level 12 of the Dungeon)
 H - a wand of iceblast (10)
   (You found it on level 14 of the Dungeon)
 T - a wand of paralysis (4)
   (You found it on level 15 of the Dungeon)
Scrolls
 r - 2 scrolls of identify
 t - 22 scrolls of teleportation
 u - 3 scrolls of immolation
 x - 8 scrolls of remove curse
 z - 2 scrolls of blinking
 D - 3 scrolls of fog
 E - 2 scrolls of enchant armour
 I - 4 scrolls of fear
Potions
 d - 4 potions of might
 e - 2 potions of mutation
 f - 2 potions of berserk rage
 i - 5 potions of flight
 j - a potion of cancellation
 m - a potion of magic
 n - 3 potions of resistance
 q - 10 potions of curing
 s - 5 potions of ambrosia
 w - 3 potions of heal wounds
 Y - 7 potions of lignification
Miscellaneous
 C - a tin of tremorstones (3/3)
   (You found it in a bailey)
 F - a condenser vane (2/2)
   (You found it on level 12 of the Dungeon)


   Skills:
 + Level 16.9 Fighting
 - Level 18.0 Axes
 + Level 16.8 Armour
 + Level 13.2 Dodging
 - Level 15.0 Shields
 - Level 15.0 Invocations
 - Level 10.0 Evocations


You had 19 spell levels left.
You didn't know any spells.
Your spell library was empty.

Dungeon Overview and Level Annotations

Branches:
Dungeon (15/15)            Temple (1/1) D:7            Lair (4/6) D:11
 Shoals (4/4) Lair:4       Spider (4/4) Lair:3          Orc (0/2) D:11
 Vaults (0/5) D:14         Depths (5/5) D:15            Zot (5/5) Depths:5
 Bailey (visited)

Altars:
Ashenzari
Cheibriados
Dithmenos
Elyvilon
Fedhas
Gozag
Hepliaklqana
Kikubaaqudgha
Makhleb
Nemelex Xobeh
Okawaru
Qazlal
Ru
Sif Muna
Trog
Uskayaw
Vehumet
Wu Jian
Xom
Yredelemnul
Zin
The Shining One
Beogh

Shops:
D:6 :*   D:10 ==((*   D:12 !   D:15 [?[   Depths:1 [:

Portals:
Hell: Depths:4
Abyss: Depths:4
Bazaar: Shoals:3 Depths:1

Annotations:
D:9 3 runed translucent doors, Lanoc's ghost, novice DEIE
D:14 3 runed translucent doors, Ageugel's ghost, journeyman MiFi
D:15 2 transporters
Shoals:4 2 runed translucent doors, Tiareth's ghost, adept DEWz


Innate Abilities, Weirdness & Mutations

You are resistant to damage.
You can heal yourself by infusing magical energy.
You resist negative energy. (rN+)
You passively map a large area around you.
You do not regenerate.
Scrolls take you a little longer to read.
You are very clumsy. (Dex -4)


Message History

(D) Dungeon (T) Temple (L) Lair (A) Shoals (N) Spider Nest (O) Orcish Mines (V) Vaults (U) Depths (H) Hell (Z) Zot
Where to? (Enter - D:1 @ (x,y), ? - help)
There is an open door here.
There is a stone staircase leading up here.
You climb upwards.
There is a stone staircase leading down here.
You see here a leopard gecko skeleton.
There is a stone staircase leading up here.
You climb upwards.
There is a stone staircase leading down here.
There is a stone staircase leading up here.
You climb upwards.
There is a stone staircase leading down here.
There is an open door here.
There is an open door here.
You see here a mace.
There is a staircase leading out of the dungeon here.
You have escaped!

,* #.#
####.# *
#....## *
,*#.##..#
* * *
##'###'##
*
#...#...#
,
#.).#.>.#
*
#...#...#
**
#.@.#.>.#
*
*#...#...#
* ,,
#...#.>.#
#...#...#
*
##+###+##
** * * * ,
* ,


There were no monsters in sight!

Vanquished Creatures
  An orb of fire (Zot:2)
  A Killer Klown (Zot:2)
  A curse toe (Zot:2)
  A caustic shrike (Depths:4)
  Nikola (Spider:2)
  A golden dragon (Depths:4)
  4 tentacled monstrosities
  A lich (Depths:1)
  A Hell Sentinel (Depths:1)
  An Orb Guardian (Depths:1)
  Rupert (Lair:3)
  A quicksilver dragon (Zot:4)
  3 death cobs (Zot:4)
  2 Executioners
  Polyphemus (Shoals:3)
  A shadow dragon (Depths:5)
  A tentacled starspawn (Abyss:2)
  Kirke (Spider:4)
  2 storm dragons
  Roxanne (D:14)
  A frost giant (Depths:4)
  2 draconian knights (Zot:4)
  2 fire giants
  3 ghost moths (Spider:4)
  2 draconian scorchers
  An orc warlord (Bailey)
  A balrug (Depths:1)
  A cacodemon (Depths:1)
  2 draconian annihilators (Zot:4)
  3 emperor scorpions (Spider:4)
  2 draconian shifters (Zot:4)
  8 stone giants
  2 entropy weavers
  A reaper (Depths:1)
  4 very ugly things (Depths:4)
  A spriggan defender (Depths:4)
  A war gargoyle (Abyss:4)
  A lorocyproca (Depths:1)
  3 green draconians
  A vampire knight (Depths:4)
  2 purple draconians (Zot:4)
  2 black draconians
  3 spark wasps (Depths:4)
  2 red draconians
  A minotaur (Lair:2)
  A white draconian (Zot:4)
  4 yellow draconians
  2 ettins
  8 fire dragons
  A merfolk javelineer (Shoals:1)
  A deep elf high priest (D:15)
  Snorg (D:13)
  4 yaktaur captains
  4 merfolk impalers (Shoals:4)
  4 hydras
  5 ice dragons
  3 great orbs of eyes
  12 vault guards
  2 merfolk avatars
  3 catoblepae
  3 spriggan air magi
  The ghost of Mahomp the Gelid, a journeyman DrIE of Vehumet (Lair:2)
  9 centaur warriors
  6 death yaks
  2 death knights
  2 satyrs
  6 merfolk aquamancers (Shoals:4)
  3 two-headed ogres
  6 tengu warriors
  7 deep troll shamans
  2 deep troll earth magi
  A thrashing horror (Abyss:1)
  Urug (Lair:3)
  Nergalle (Lair:3)
  3 sun demons
  A fire crab (shapeshifter) (Depths:1)
  3 iron trolls
  14 hell knights
  A spatial maelstrom (Abyss:4)
  An infernal demonspawn (Depths:4)
  A death drake (Abyss:4)
  12 skeletal warriors
  2 flayed ghosts
  6 sea snakes
  2 torturous demonspawn (Depths:3)
  2 starcursed masses (Abyss:2)
  7 unseen horrors
  An orange crystal statue (Shoals:3)
  10 harpies
  8 deep trolls
  6 orc knights
  24 wolf spiders
  11 orb spiders
  3 necromancers (Depths:3)
  11 manticores
  16 ugly things
  7 cyclopes
  18 fauns
  9 moths of wrath
  4 deep elf magi
  2 guardian serpents (shapeshifter)
  5 merfolk sirens
  A rust devil (Abyss:2)
  A black mamba (shapeshifter) (Abyss:2)
  4 water nymphs
  A smoke demon (Depths:4)
  2 black mambas (Lair:2)
  An apocalypse crab (Abyss:1)
  7 cane toads
  5 gargoyles
  A torpor snail (Spider:3)
  8 kobold demonologists
  2 orange demons
  A freezing wraith (D:13)
  8 yaktaurs
  11 demonic crawlers
  6 catoblepas skeletons (Abyss:4)
  5 komodo dragons
  4 tengu conjurers
  2 ancient zymes (Abyss:1)
  2 redback zombies (D:15)
  2 red devils (Depths:1)
  A troll (shapeshifter) (Depths:2)
  A meliai (D:15)
  A polar bear (Lair:2)
  A queen bee (shapeshifter) (Depths:3)
  10 trolls
  6 hornets
  15 merfolk
  13 jumping spiders
  3 wind drakes
  3 dream sheep (Shoals:4)
  12 blink frogs
  12 hippogriffs
  6 snapping turtles
  3 slime creatures (Depths:1)
  10 yaks
  An air elemental (Abyss:4)
  45 redbacks
  2 spriggans (D:15)
  3 large abominations
  10 water elementals
  2 ynoxinuls (Abyss:2)
  3 wraiths
  3 shadows
  22 tarantellas
  4 wyverns
  The ghost of ma3 the Magician, an amateur SpCj of Nemelex Xobeh (D:4)
  5 basilisks
  2 golden eyes (Depths:1)
  4 hogs (Spider:4)
  A steam dragon (D:11)
  A chaos spawn (Abyss:1)
  A neqoxec (Abyss:1)
  A warg (D:15)
  A soldier ant (D:11)
  2 spatial vortices (Abyss:4)
  3 acid dragons
  2 floating eyes (D:15)
  7 water moccasins
  3 small abominations (Abyss:1)
  5 porcupines
  5 ice beasts
  A black bear (D:11)
  8 orc warriors
  4 sky beasts
  A hornet zombie (D:15)
  A black bear (shapeshifter) (D:15)
  An eye of draining (D:15)
  5 phantoms
  A necrophage (D:11)
  7 ogres
  5 boggarts (Depths:4)
  4 wolves (Lair:3)
  20 centaurs
  2 crocodiles
  19 bullfrogs
  5 big kobolds
  A wyvern zombie (D:11)
  4 earth elementals (Abyss:4)
  A water moccasin skeleton (D:5)
  3 scorpions
  23 wights
  2 howler monkeys
  5 centaur zombies
  3 bullfrog zombies
  2 quasits
  4 hounds
  5 jellies
  3 centaur skeletons
  A gnoll shaman (D:7)
  6 orc priests
  Crazy Yiuf (D:4)
  7 worker ants
  7 iguanas
  4 hell rats (Lair:4)
  12 orc wizards
  3 hound skeletons
  4 worker ant zombies
  12 gnolls
  A howler monkey skeleton (D:4)
  15 adders
  4 shadow imps
  3 white imps
  2 ufetubi
  2 adder skeletons
  A worm (D:4)
  A dart slug (D:3)
  5 leopard geckos
  55 orcs
  3 giant cockroaches
  9 goblins
  3 hobgoblins
  15 jackals
  4 quokkas
  2 frilled lizards
  29 kobolds
  A quokka skeleton (D:4)
  A lurking horror (Abyss:1)
  2 starspawn tentacles (Abyss:2)
  2 tentacles (Shoals:4)
1041 creatures vanquished.

Vanquished Creatures (collateral kills)
  A kraken (Shoals:4)
  A ghost moth (Spider:4)
  An emperor scorpion (Spider:4)
  A spark wasp (Spider:4)
  A merfolk aquamancer (Shoals:4)
  A satyr (Shoals:4)
  A water nymph (Shoals:4)
  A jumping spider (Spider:4)
  A hippogriff (Shoals:4)
  A water elemental (Shoals:4)
  A tentacle (Shoals:4)
11 creatures vanquished.

Vanquished Creatures (others)
  A draconian stormcaller (Zot:4)
  2 orb spiders (Spider:4)
  A sky beast (D:11)
  A quokka (D:11)
  A bush (Lair:3)
  6 fungi
  142 plants
  3 starspawn tentacles (Abyss:2)
  5 tentacles (Shoals:4)
162 creatures vanquished.

Grand Total: 1214 creatures vanquished

Notes
Turn   | Place    | Note
-------+----------+-------------------------------------------
     0 | D:1      | Flugslaktarn the Deep Dwarf Fighter began the quest for the
                  | Orb.
     0 | D:1      | Reached XP level 1. HP: 20/20 MP: 1/1
   211 | D:3      | Reached XP level 2. HP: 27/27 MP: 2/2
   214 | D:3      | Found a snail-covered altar of Cheibriados.
   468 | D:4      | Reached XP level 3. HP: 32/34 MP: 3/3
   505 | D:4      | Reached skill level 3 in Axes
   619 | D:4      | Found a runed translucent door.
   620 | D:4      | Noticed Crazy Yiuf
   750 | D:4      | Found a runed translucent gate.
   765 | D:4      | Found a runed translucent gate.
   766 | D:4      | Found a runed translucent gate.
   785 | D:4      | Identified the +6 whip of the Thieving Oracle {freeze,
                  | Str+2}
   788 | D:4      | Reached XP level 4. HP: 18/42 MP: 4/4
   795 | D:4      | Noticed ma3's ghost (amateur SpCj)
   832 | D:4      | Reached XP level 5. HP: 29/50 MP: 5/5
  1054 | D:4      | Reached skill level 4 in Axes
  1089 | D:4      | Found a bloodstained altar of Trog.
  1319 | D:4      | Found a roughly hewn altar of Beogh.
  1574 | D:4      | Killed Crazy Yiuf
  1774 | D:5      | Entered Level 5 of the Dungeon
  1816 | D:5      | Noticed a phantom
  1850 | D:5      | Found an ancient bone altar of Kikubaaqudgha.
  1862 | D:5      | Reached XP level 6. HP: 51/57 MP: 5/5
  1974 | D:5      | Reached skill level 5 in Axes
  1974 | D:5      | Reached XP level 7. HP: 34/66 MP: 6/6
  1976 | D:5      | Found a shadowy altar of Dithmenos.
  2058 | D:5      | Reached skill level 5 in Fighting
  2471 | D:5      | Reached skill level 5 in Armour
  2829 | D:6      | Found a sacrificial altar of Ru.
  2896 | D:6      | Found Zuilogamp's Book Shop.
  2906 | D:6      | Reached skill level 6 in Axes
  2906 | D:6      | Reached skill level 5 in Shields
  2965 | D:6      | Reached XP level 8. HP: 44/76 MP: 7/7
  3117 | D:6      | Reached skill level 7 in Axes
  3248 | D:6      | Found Zin's Purification Station.
  3248 | D:6      | Found a glowing silver altar of Zin.
  3762 | D:7      | Gained mutation: You passively map the area around you.
                  | [Deep Dwarf growth]
  3762 | D:7      | Reached XP level 9. HP: 52/85 MP: 5/5
  3957 | D:7      | Reached skill level 8 in Axes
  4135 | D:7      | Found a staircase to the Ecumenical Temple.
  4328 | Temple   | Entered the Ecumenical Temple
  4336 | Temple   | Became a worshipper of Makhleb the Destroyer
  4467 | D:7      | Reached skill level 1 in Invocations
  4559 | D:8      | Found a white marble altar of Elyvilon.
  4763 | D:8      | Reached skill level 9 in Axes
  4899 | D:8      | Found a stormy altar of Qazlal.
  4948 | D:8      | Found a blossoming altar of Fedhas.
  5147 | D:9      | Reached * piety under Makhleb
  5177 | D:9      | Got a slimy helmet
  5183 | D:9      | Identified the +4 helmet of the Vaults {-Cast rF+ rC+ SInv}
                  | (You found it on level 9 of the Dungeon)
  5184 | D:9      | Identified a scroll of acquirement
  5184 | D:9      | Acquired 1087 gold pieces
  5220 | D:9      | Reached XP level 10. HP: 65/96 MP: 7/7
  5270 | D:9      | Found a runed translucent gate.
  5270 | D:9      | Found a runed translucent gate.
  5270 | D:9      | Found a runed translucent gate.
  5271 | D:9      | Noticed Lanoc's ghost (novice DEIE)
  5516 | D:10     | Entered Level 10 of the Dungeon
  5588 | D:10     | Found Orchet's Assorted Antiques.
  5672 | D:10     | Found Geefuamn's Jewellery Shop.
  5673 | D:10     | Found Woppun's Weapon Shoppe.
  5675 | D:10     | Bought a +4 ring of protection for 468 gold pieces
  5676 | D:10     | Bought a +4 ring of evasion for 468 gold pieces
  5778 | D:10     | Found Fonk's Jewellery Shop.
  5906 | D:10     | Found a flagged portal.
  5921 | Bailey   | Entered a bailey
  5926 | Bailey   | Noticed an orc warlord
  5977 | Bailey   | Found a runed translucent gate.
  5978 | Bailey   | Found a runed translucent gate.
  5979 | Bailey   | Found a runed translucent gate.
  5980 | Bailey   | Reached ** piety under Makhleb
  5994 | Bailey   | Noticed an orc knight
  6019 | Bailey   | Killed an orc knight
  6122 | Bailey   | Killed an orc warlord
  6122 | Bailey   | Reached skill level 10 in Axes
  6172 | Bailey   | Reached skill level 13 in Axes
  6172 | Bailey   | Reached XP level 11. HP: 52/104 MP: 8/8
  6173 | Bailey   | Reached skill level 15 in Axes
  6173 | Bailey   | Reached XP level 12. HP: 56/112 MP: 9/9
  6419 | D:10     | Found Idyanwot's Weapon Emporium.
  6478 | D:11     | Noticed a two-headed ogre
  6492 | D:11     | Killed a two-headed ogre
  6492 | D:11     | Reached skill level 5 in Invocations
  6565 | D:11     | Reached skill level 1 in Evocations
  6656 | D:11     | Found a staircase to the Orcish Mines.
  6884 | D:11     | Found a staircase to the Lair.
  6913 | D:11     | Noticed a two-headed ogre
  6920 | D:11     | Killed a two-headed ogre
  6920 | D:11     | Reached skill level 16 in Axes
  6920 | D:11     | Reached XP level 13. HP: 113/121 MP: 11/11
  6967 | D:11     | Reached *** piety under Makhleb
  6980 | D:11     | Identified the amulet "Zetagaer" {Acrobat rPois rC- rN+
                  | Slay+2}
  7050 | D:11     | Reached skill level 10 in Fighting
  7454 | D:12     | Reached **** piety under Makhleb
  7540 | D:12     | Found Qautwuj's Distillery.
  8050 | D:13     | Noticed Snorg
  8058 | D:13     | Reached skill level 5 in Evocations
  8065 | D:13     | Killed Snorg
  8316 | D:13     | Gained mutation: You resist negative energy. (rN+) [Deep
                  | Dwarf growth]
  8316 | D:13     | Reached XP level 14. HP: 118/133 MP: 13/13
  8632 | D:13     | You fall into a shaft and drop 1 floor!
  8633 | D:14     | Noticed Roxanne
  8636 | D:14     | Reached skill level 17 in Axes
  8664 | D:14     | Killed Roxanne
  8700 | D:14     | Found a runed translucent gate.
  8700 | D:14     | Found a runed translucent gate.
  8700 | D:14     | Found a runed translucent gate.
  8700 | D:14     | Noticed Ageugel's ghost (journeyman MiFi)
  9162 | D:4      | Reached ***** piety under Makhleb
  9172 | D:4      | Killed ma3's ghost
  9861 | D:14     | Found a gate to the Vaults.
  9868 | D:14     | Reached skill level 10 in Shields
  9890 | D:14     | Reached skill level 10 in Armour
 10064 | D:15     | Entered Level 15 of the Dungeon
 10150 | D:15     | Found Tyim's Armour Shoppe.
 10156 | D:15     | Found a transporter.
 10210 | D:15     | Got a shimmering silver ring
 10298 | D:15     | Reached XP level 15. HP: 144/144 MP: 16/16
 10317 | D:15     | Found Qahol's Armour Boutique.
 10512 | D:15     | Got a scorched copper ring
 10584 | D:15     | Reached skill level 18 in Axes
 10600 | D:15     | Found a staircase to the Depths.
 10621 | D:15     | Reached ****** piety under Makhleb
 10627 | D:15     | Reached skill level 10 in Invocations
 10648 | D:15     | Found a transporter.
 10664 | D:15     | Got a coiled lapis lazuli ring
 10677 | D:15     | Found Kayss's Magic Scroll Shop.
 10689 | D:15     | Bought a scroll of blinking for 97 gold pieces
 10689 | D:15     | Bought a scroll of blinking for 97 gold pieces
 10689 | D:15     | Bought a scroll of enchant weapon for 97 gold pieces
 11017 | D:15     | Noticed a fire giant
 11030 | D:15     | Killed a fire giant
 11042 | D:15     | Identified the ring of Day {rElec MR+ Str-5 Dex+8 Stlth-}
                  | (You found it on level 15 of the Dungeon)
 11044 | D:15     | Identified the ring "Juty" {+Blink rF+ MR++ Str+4} (You
                  | found it on level 15 of the Dungeon)
 11045 | D:15     | Identified the ring of Xoafosy {rElec rF+ rC++ Dex+6
                  | Stlth-} (You found it on level 15 of the Dungeon)
 11257 | Lair:1   | Entered Level 1 of the Lair of Beasts
 11474 | Lair:2   | Found a runed translucent gate.
 11474 | Lair:2   | Found a runed translucent gate.
 11474 | Lair:2   | Found a runed translucent gate.
 11507 | Lair:3   | Noticed Urug
 11519 | Lair:3   | Killed Urug
 11966 | Lair:2   | Noticed Mahomp's ghost (journeyman DrIE)
 12277 | Lair:2   | Killed Mahomp's ghost
 12364 | Lair:3   | Noticed Rupert
 12379 | Lair:3   | Killed Rupert
 12379 | Lair:3   | Reached skill level 10 in Evocations
 12541 | Lair:3   | Found a hole to the Spider Nest.
 12715 | Lair:3   | Reached XP level 16. HP: 157/157 MP: 18/18
 12858 | Lair:3   | Noticed Nergalle
 12869 | Lair:3   | Killed Nergalle
 13020 | Lair:4   | Found a staircase to the Shoals.
 13107 | Spider:1 | Entered Level 1 of the Spider Nest
 13245 | Spider:2 | Noticed Nikola
 13265 | Spider:2 | Killed Nikola
 13332 | Spider:3 | Reached skill level 1 in Dodging
 13471 | Spider:4 | Entered Level 4 of the Spider Nest
 13471 | Spider:4 | Noticed Kirke
 13493 | Spider:4 | Killed Kirke
 13955 | Spider:4 | Reached skill level 5 in Dodging
 14062 | Spider:4 | Got a gossamer rune of Zot
 14182 | Spider:3 | Reached XP level 17. HP: 123/166 MP: 20/20
 14337 | Shoals:1 | Entered Level 1 of the Shoals
 14566 | D:15     | Bought the +7 plate armour "Leamium" {rC+ MP+9 Str+3} for
                  | 1749 gold pieces
 15636 | Shoals:3 | Noticed Polyphemus
 15683 | Shoals:3 | Killed Polyphemus
 15734 | Shoals:3 | Found a gateway to a bazaar.
 15835 | Shoals:4 | Entered Level 4 of the Shoals
 16021 | Shoals:4 | Noticed a kraken
 16029 | Shoals:4 | Killed a kraken
 16242 | Shoals:4 | Got a barnacled rune of Zot
 16334 | Shoals:4 | Found a large runed translucent door.
 16334 | Shoals:4 | Found a large runed translucent door.
 16337 | Shoals:4 | Noticed Tiareth's ghost (adept DEWz)
 16719 | Depths:1 | Entered Level 1 of the Depths
 16800 | Depths:1 | Found Koxumocu's Antique Armour Boutique.
 16804 | Depths:1 | Found Xuxzat's Book Shop.
 16828 | Depths:1 | Found a gateway to a bazaar.
 16856 | Depths:1 | Gained mutation: You passively map a large area around you.
                  | [Deep Dwarf growth]
 16856 | Depths:1 | Reached XP level 18. HP: 177/177 MP: 22/22
 17054 | Depths:3 | Reached skill level 15 in Fighting
 17361 | Depths:4 | Found a gateway to Hell.
 17377 | Depths:4 | Reached skill level 15 in Invocations
 17488 | Depths:4 | Noticed a golden dragon
 17496 | Depths:4 | Noticed a caustic shrike
 17500 | Depths:4 | Killed a golden dragon
 17731 | Depths:4 | Reached skill level 10 in Dodging
 17793 | Depths:4 | Found a one-way gate to the infinite horrors of the Abyss.
 17810 | Depths:4 | Voluntarily entered the Abyss.
 18025 | Abyss:1  | Gained mutation: You are robust. (+10% HP) [a neqoxec]
 18284 | Abyss:2  | Found a corrupted altar of Lugonu.
 18573 | Abyss:3  | Found a corrupted altar of Lugonu.
 18603 | Abyss:4  | Reached skill level 15 in Armour
 18603 | Abyss:4  | Reached XP level 19. HP: 205/205 MP: 24/24
 18650 | Abyss:4  | Reached skill level 15 in Shields
 18781 | Abyss:4  | Got an abyssal rune of Zot
 18807 | Depths:4 | Escaped the Abyss
 18842 | Depths:5 | Entered Level 5 of the Depths
 18908 | Depths:5 | Found a gate to the Realm of Zot.
 18920 | Zot:1    | Entered Level 1 of the Realm of Zot
 18967 | Zot:2    | Noticed an orb of fire
 18971 | Zot:2    | Gained mutation: Armour fits poorly on your strangely
                  | shaped body. [an orb of fire]
 18981 | Zot:2    | Gained mutation: You tend to lose your temper in combat.
                  | [an orb of fire]
 18982 | Zot:2    | Killed an orb of fire
 19014 | Zot:2    | You fall into a shaft and drop 2 floors!
 19015 | Zot:4    | Lost mutation: You are robust. (+10% HP) [potion of
                  | mutation]
 19015 | Zot:4    | Lost mutation: Armour fits poorly on your strangely shaped
                  | body. [potion of mutation]
 19015 | Zot:4    | Lost mutation: You tend to lose your temper in combat.
                  | [potion of mutation]
 19015 | Zot:4    | Gained mutation: You are clumsy. (Dex -2) [potion of
                  | mutation]
 19118 | Zot:2    | Noticed a curse toe
 19142 | Zot:2    | Killed a curse toe
 19152 | Zot:2    | Noticed a Killer Klown
 19485 | Zot:2    | Killed a Killer Klown
 19622 | Zot:5    | Entered Level 5 of the Realm of Zot
 19622 | Zot:5    | Noticed a curse toe
 19641 | Zot:5    | Noticed an orb of fire
 19642 | Zot:5    | Noticed a Killer Klown
 19648 | Zot:5    | Noticed a Killer Klown
 19648 | Zot:5    | Gained mutation: You are very clumsy. (Dex -4) [an orb of
                  | fire]
 19648 | Zot:5    | Noticed a Killer Klown
 19649 | Zot:5    | Gained mutation: Scrolls take you a little longer to read.
                  | [an orb of fire]
 19650 | Zot:5    | Noticed an electric golem
 19655 | Zot:5    | Noticed an ancient lich
 19663 | Zot:5    | Noticed a Killer Klown
 19663 | Zot:5    | Noticed a Killer Klown
 19663 | Zot:5    | Noticed a Killer Klown
 19663 | Zot:5    | Noticed a Killer Klown
 19663 | Zot:5    | Noticed a Killer Klown
 19665 | Zot:5    | Got the Orb of Zot
 19666 | Zot:5    | Noticed a golden dragon
 19838 | Depths:4 | Killed a caustic shrike
 19838 | Depths:4 | Reached XP level 20. HP: 144/199 MP: 24/24
 20230 | D:13     | Noticed a seraph
 20336 | D:5      | Noticed Cueg the pandemonium lord
 20479 | D:$      | Escaped with the Orb!

Illustrated notes

Levels and vault maps discovered:
D:1:      minmay_arrival_up_and_down, layout_loops_ring, serial_rivers,
          chequers_serial_rivers_micro_a, chequers_serial_rivers_small_b,
          chequers_serial_rivers_small_b, chequers_serial_rivers_micro_d,
          chequers_serial_rivers_small_a, chequers_serial_rivers_micro_a
D:2:      layout_basic
D:3:      layout_rooms, kennysheep_slug_shrine
D:4:      layout_gridville, lightli_temple_of_fire, biasface_ghost_orc_armoury,
          uniq_crazy_yiuf_cottage
D:5:      layout_loops_corners, nicolae_overflow_crystal_walls, kennysheep_mini,
          minmay_misc_feat_roman
D:6:      layout_basic, kennysheep_little_box, zin_purify, serial_shops, shop,
          kennysheep_generic_room_12
D:7:      layout_basic, minmay_temple_entry_glassed_door
D:8:      layout_rooms, lemuel_round_altar, fedhas_altar_1, basic_altar
D:9:      layout_cross, gammafunk_ghost_spectres, serial_column_ruins,
          column_ruins_circle_medium, column_ruins_corridor_corner,
          column_ruins_open_large, column_ruins_columns_straight,
          column_ruins_grid_1, column_ruins_open_small_water
D:10:     layout_long_grid, serial_shops, shop, nicolae_shop_stone, shop, shop,
          kennysheep_mini_moat, enter_bailey_3
D:11:     minmay_the_grid_octo_tiled_squarecenter_mashed
          [minmay_the_grid_octo_clover, minmay_the_grid_octo_concentric,
          minmay_the_grid_octo_checkered, minmay_the_grid_octo_horde,
          minmay_the_grid_square_5x5_megaprize_open,
          minmay_the_grid_square_5x5_intrusive_squares,
          minmay_the_grid_square_5x5_six_small,
          minmay_the_grid_square_5x5_checkered_sparse,
          minmay_the_grid_square_5x5_moneybag], layout_irregular_city,
          minmay_misc_feat_doors
D:12:     layout_loops_ring, serial_shops, shop_fountains
D:13:     layout_layer_cave, uniq_snorg
D:14:     layout_roguey, erik_vaults_2, hex_intersection,
          gammafunk_ghost_necromancy, uniq_roxanne
D:15:     hangedman_spin_cycle
Temple:   nicolae_temple_no_exploring_needed
Lair:1:   minmay_lair_venomous_thicket, layout_layer_cave
Lair:2:   layout_roguey, maelrawn_ghost_gauntlet_escape
Lair:3:   layout_chaotic_city, nicolae_spider_entry_tight_spaces, uniq_nergalle,
          uniq_rupert, uniq_urug
Lair:4:   layout_layer_cave, minmay_shoals_entry_centaurs,
          gauntlet_entry_generic
Shoals:1: layout_shoals
Shoals:2: layout_shoals
Shoals:3: layout_shoals, serial_shops, statue_bzr, uniq_polyphemus
Shoals:4: shoals_end_grunt_garden, layout_shoals, ebering_ghost_disaster_area
Spider:1: layout_chambers, drop_trap, minivault_29, uniq_agnes, uniq_donald
Spider:2: layout_spider_delve, gammafunk_ghost_necromancy, uniq_nikola
Spider:3: layout_spider_delve, drop_trap
Spider:4: grunt_spider_rune_island, uniq_kirke
Depths:1: layout_small_grid, serial_shops, bzr_entry_lakeside,
          kennysheep_pointless_box, pan_entry, hell_entry,
          minmay_misc_feat_square, nicolae_transmutations_shop,
          grunt_decor_mini_mirrors, kennysheep_potato, minmay_shoptagon,
          serial_bayou_shore_b
Depths:2: lemuel_castle_with_subvaults [lemuel_castle_interior_original],
          layout_cave_pools, grunt_pan_entry_spiral, abyss_entry_flame_altar,
          hangedman_abyss_or_decor_jellyfish_corner, grunt_hell_horde,
          infiniplex_staircase_spiral_double, uniq_mara
Depths:3: kennysheep_cluttered_fort, layout_twisted_cross, enter_ziggurat_a,
          hangedman_tar_grid_catacomb, kennysheep_cross_room,
          grunt_pan_entry_in_and_out, door_vault
Depths:4: minmay_outward_triangles, layout_cave_pools, abyss_entry,
          columned_hall_lemuel, hell_entry, minmay_staircase_statues_hall_small
Depths:5: evilmike_zot_entry_basic, layout_cave_shapes, pf_hell_entry_great_geh
Zot:1:    layout_misc_corridors
Zot:2:    layout_misc_corridors
Zot:3:    layout_cathedral_of_symmetry
Zot:4:    layout_onion, st_small_dragon_hoard_2, nicolae_zot_crop_circle
Zot:5:    layout_misc_corridors

Skill      XL: |  1  2  3  4  5  6  7  8  9 10 11 12 13 14 15 16 17 18 19 20 |
---------------+-------------------------------------------------------------+-----
Fighting       | 3 4 5 6 8 9 10 12 13 14 15 16 | 16.9
Axes           | 3 4 5 6 7 9 13 15 16 17 18 | 18.0
Armour         | 4 5 6 7 8 9 10 11 12 13 15 16 | 16.8
Shields        | 4 5 6 7 8 9 10 11 12 13 14 15 | 15.0
Invocations    | 2 4 5 7 9 11 13 14 15 | 15.0
Evocations     | 2 6 8 10 | 10.0
Dodging        | 5 8 10 12 13 | 13.2

Action                   |  1- 3 |  4- 6 |  7- 9 | 10-12 | 13-15 | 16-18 | 19-21 || total
-------------------------+-------+-------+-------+-------+-------+-------+-------++-------
Melee: War axe           |    75 |   108 |   483 |       |       |       |       ||   666
       Broad axe         |       |       |     9 |   247 |  1330 |  1463 |   526 ||  3575
Invok: Greater Servant o |       |       |       |       |       |     4 |       ||     4
 Abil: Heal Wounds       |       |     6 |    17 |     3 |     3 |     3 |    15 ||    47
Evoke: Wand              |       |       |       |       |     1 |       |     6 ||     7
       Condenser vane    |       |       |       |       |       |     2 |     1 ||     3
       Tin of tremorston |       |       |       |       |       |     1 |     1 ||     2
  Use: Scroll            |       |       |    19 |    10 |    17 |     6 |    11 ||    63
       Potion            |       |       |       |     3 |       |       |     6 ||     9
 Stab: Invisible         |       |     1 |       |     7 |       |       |       ||     8
       Distracted        |       |       |       |     1 |       |     1 |       ||     2
       Confused          |       |       |       |       |       |     1 |       ||     1
       Held in net/web   |       |       |       |       |       |     1 |       ||     1
Armor: Scale mail        |    32 |    39 |   114 |       |       |       |       ||   185
       Plate armour      |       |       |   118 |   129 |   900 |   875 |   408 ||  2430
Dodge: Dodged            |    25 |    30 |   136 |    97 |   537 |   818 |   357 ||  2000
Block: Kite shield       |    41 |    53 |   311 |   201 |   793 |  1053 |   456 ||  2908

Table legend: (Time is in decaauts)
 A = Elapsed time spent in this place.
 B = Non-inter-level travel time spent in this place.
 C = Inter-level travel time spent in this place.
 D = Time resting spent in this place.
 E = Time spent auto-exploring this place.
 F = Levels seen in this place.
 G = Mean time per level.
                   A        B        C        D        E       F      G
               +--------+--------+--------+--------+--------+-----+--------+
         Total |  20060 |  16702 |   3358 |    278 |   9900 |  43 |  466.5 |
       Dungeon |  11975 |   9862 |   2113 |      5 |   6732 |  15 |  798.3 |
        Temple |     16 |      2 |     14 |      0 |      0 |   1 |   16.0 |
          Lair |   2253 |   1611 |    642 |      0 |   1247 |   4 |  563.2 |
        Shoals |   1240 |   1031 |    209 |      0 |    404 |   4 |  310.0 |
   Spider Nest |   1067 |    978 |     89 |     14 |    380 |   4 |  266.8 |
        Depths |   1362 |   1224 |    138 |      0 |    479 |   5 |  272.4 |
           Zot |    855 |    704 |    151 |    243 |     11 |   5 |  171.0 |
         Abyss |    961 |    961 |      0 |     16 |    540 |   4 |  240.2 |
        Bailey |    327 |    327 |      0 |      0 |    104 |   1 |  327.0 |
               +--------+--------+--------+--------+--------+-----+--------+

Top non-repeatable levels by time:
     D:4: 1625 daAuts
     D:5: 1124 daAuts
    D:15: 1117 daAuts
    D:13: 1108 daAuts
    D:11: 1055 daAuts
     D:7: 1003 daAuts
  Lair:2: 997 daAuts
    D:14: 959 daAuts
     D:6: 919 daAuts
  Lair:3: 854 daAuts
    D:12: 852 daAuts
    D:10: 728 daAuts
Spider:4: 609 daAuts
     D:9: 573 daAuts
Shoals:4: 567 daAuts
